 Dungeon Crawl Stone Soup version 0.17.1-3-g152610e (webtiles) character file.

208 eeldvark the Chopper (level 5, 0/41 HPs)
             Began as a Demonspawn Wanderer on Mar 17, 2016.
             Was an Initiate of Okawaru.
             Slain by an orc
             ... wielding a cursed -3 trident
              (4 damage)
             ... on level 3 of the Dungeon.
             The game lasted 00:06:05 (1500 turns).

eeldvark the Chopper (Demonspawn Wanderer)          Turns: 1500, Time: 00:06:05

Health: 0/41       AC:  5    Str: 11    XL:     5   Next: 55%
Magic:  0/5        EV:  9    Int: 15    God:    Okawaru [......]
Gold:   118        SH:  0    Dex: 13    Spells: 0 memorised, 4 levels left

rFire  . . .     SeeInvis +     a - +2 hand axe
rCold  . . .     Clarity  .     b - +0 ring mail
rNeg   . . .     SustAt   .     (no shield)
rPois  .         Gourm    .     (no helmet)
rElec  .         Spirit   +     (no cloak)
rCorr  .         Warding  .     (no gloves)
rMut   .         Stasis   .     (boots unavailable)
MR     .....                    (no amulet)
Stlth  +.........               (no ring)
                                e - ring of see invisible

@: not resistant to hostile enchantments, very unstealthy
A: hooves 3, magic shield
a: Renounce Religion


You were on level 3 of the Dungeon.
You worshipped Okawaru.
Okawaru was noncommittal.
You were not hungry.

You visited 1 branch of the dungeon, and saw 3 of its levels.

You collected 118 gold pieces.

Inventory:

Hand Weapons
 a - a +2 hand axe (weapon)
Armour
 b - a +0 ring mail (worn)
Jewellery
 e - a ring of see invisible (left hand)
Scrolls
 f - 6 scrolls of identify {unknown}
 g - a scroll of remove curse {unknown}
 i - 3 scrolls of enchant weapon {unknown}
 k - a scroll of teleportation {unknown}
 l - a scroll of amnesia {unknown}
Potions
 j - a potion of agility
Comestibles
 d - 5 bread rations
 h - a beef jerky
 m - a meat ration


   Skills:
 - Level 3.0 Fighting
 + Level 5.3 Axes
 - Level 1.0 Armour
 - Level 1.0 Stealth
   Level 1.0 Shields
 - Level 1.7 Unarmed Combat


You had 4 spell levels left.
You didn't know any spells.

Dungeon Overview and Level Annotations

Branches:
Dungeon (3/15)

Altars:
Okawaru
Vehumet


Innate Abilities, Weirdness & Mutations

You have hooves in place of feet.
When hurt, damage is shared between your health and your magic reserves.


Message History

* * * LOW HITPOINT WARNING * * *
You are lethally poisoned!
The adder poisons you! The orc closely misses you.
Drink which item? (? for menu, Esc to quit)
You feel better. The adder bites you.
* * * LOW HITPOINT WARNING * * *
The orc hits you but does no damage. The adder barely misses you.
You slash the adder!
The adder is almost dead.
The adder bites you but does no damage.
The orc hits you from afar with a trident.
* * * LOW HITPOINT WARNING * * *
You completely miss the adder. Your kick misses the adder.
The adder is almost dead.
The adder barely misses you. The orc hits you but does no damage.
You miss the adder. You kick the adder.
You kill the adder!
Okawaru accepts your kill.
The orc hits you from afar with a trident.
You die...

#..............
..#....##.#.###
#.......#.#
#####....####.#
##........# #.#
#..######## #.#
#.## #.# #@#
#o# #(..o.#
#.##oo# #..#
#... #.## .. o.


You could see 4 orcs.

Vanquished Creatures
  The ghost of Shufflesack the Sneak, a weakling HaAs (D:3)
  Jessica (D:2)
  2 orc wizards (D:3)
  3 adders
  6 orcs (D:3)
  4 bats
  3 giant cockroaches
  6 hobgoblins
  7 jackals
  6 kobolds
  3 quokkas (D:2)
  A giant gecko (D:2)
  2 giant newts (D:3)
  9 goblins
  9 rats
63 creatures vanquished.

Notes
Turn   | Place    | Note
--------------------------------------------------------------
     0 | D:1      | eeldvark the Demonspawn Wanderer began the quest for the Orb.
     0 | D:1      | eeldvark set off with: a +2 hand axe, a +0 ring mail, a potion of curing, a bread ration
     0 | D:1      | Reached XP level 1. HP: 18/18 MP: 1/1
   112 | D:1      | Gained mutation: You have large cloven feet. [demonic ancestry]
   112 | D:1      | Reached XP level 2. HP: 20/24 MP: 2/2
   795 | D:2      | Noticed Jessica
   817 | D:2      | Killed Jessica
   817 | D:2      | Gained mutation: You have hoof-like feet. [demonic ancestry]
   817 | D:2      | Reached XP level 3. HP: 14/29 MP: 3/3
   919 | D:2      | Found a radiant altar of Vehumet.
  1149 | D:2      | Found an iron altar of Okawaru.
  1157 | D:2      | Became a worshipper of Warmaster Okawaru
  1228 | D:2      | Gained mutation: You have hooves in place of feet. [demonic ancestry]
  1228 | D:2      | Reached XP level 4. HP: 35/35 MP: 4/4
  1229 | D:2      | Reached skill level 4 in Axes
  1440 | D:3      | Noticed Shufflesack's ghost (weakling HaAs)
  1456 | D:3      | Killed Shufflesack's ghost
  1460 | D:3      | Gained mutation: When hurt, damage is shared between your health and your magic reserves. [demonic ancestry]
  1460 | D:3      | Reached XP level 5. HP: 24/41 MP: 5/5
  1474 | D:3      | Reached skill level 5 in Axes
  1489 | D:3      | HP: 2/41 [orc/mace (4)]
  1500 | D:3      | Slain by an orc

Action                   |  1- 3 |  4- 6 || total
-------------------------+-------+-------++-------
Melee: Hand axe          |    95 |    84 ||   179
  Use: Potion            |       |     2 ||     2
  Eat: Chunk             |     1 |     1 ||     2
